 Dungeon Crawl Stone Soup version 0.23.2-1-ga50397a6bc (webtiles) character file.

Game seed: 10189479396383321518

48741 FluffierThanThou the Protected (level 14, -25/127 HPs)
             Began as a Minotaur Fighter on May 16, 2019.
             Was the Champion of Okawaru.
             Killed from afar by a frost giant (27 damage)
             ... with a bolt of cold
             ... on level 12 of the Dungeon.
             The game lasted 00:57:47 (15017 turns).

FluffierThanThou the Protected (Minotaur Fighter)  Turns: 15017, Time: 00:57:48

Health: -25/127    AC: 32    Str: 25    XL:     14   Next: 13%
Magic:  16/16      EV:  6    Int:  5    God:    Okawaru [******]
Gold:   1272       SH: 25    Dex: 21    Spells: 13/13 levels left

rFire    . . .     SeeInvis +   K - +6 broad axe (chop)
rCold    . . .     Gourm    .   L - +0 large shield
rNeg     + + .     Faith    .   N - +10 plate armour of Poskinn {Dex+4}
rPois    .         Spirit   .   (helmet restricted)
rElec    .         Reflect  +   (no cloak)
rCorr    .         Harm     .   Y - +0 pair of gloves {Dex+3}
MR       +....                  F - +2 pair of boots of Circular Logic {rN++ Regen+ Dex+3 Stlth-}
Stlth    ..........             e - +4 amulet of reflection
HPRegen  0.71/turn              H - ring of see invisible
MPRegen  0.15/turn              J - ring of flight

@: no status effects
A: retaliatory headbutt, horns 2
a: Heroism, Finesse, Renounce Religion, Evoke Flight


You were on level 12 of the Dungeon.
You worshipped Okawaru.
Okawaru was exalted by your worship.
You were not hungry.

You visited 2 branches of the dungeon, and saw 17 of its levels.
You also visited: Gauntlet.

You collected 1272 gold pieces.

Inventory:

Hand Weapons
 z - a +1 mace of protection
 K - a +6 broad axe of chopping (weapon)
Armour
 d - a +2 chain mail of fire resistance
 F - the +2 pair of boots of Circular Logic (worn) {rN++ Regen+ Dex+3 Stlth-}
   (You found it on level 6 of the Dungeon)

   It affects your dexterity (+3).
   It greatly protects you from negative energy.
   It increases your rate of regeneration.
   It makes you less stealthy.
 L - a +0 large shield (worn)
 N - the +10 plate armour of Poskinn (worn) {Dex+4}
   (You found it on level 4 of the Lair of Beasts)

   It affects your dexterity (+4).
 P - the +2 pair of boots of Sloth {*Drain rF++}
   (Okawaru gifted it to you on level 9 of the Dungeon)

   It greatly protects you from fire.
   It causes draining when unequipped.
 Q - the -3 pair of boots "Feroiqun" {rElec rPois}
   (Okawaru gifted it to you on level 1 of the Lair of Beasts)

   It insulates you from electricity.
   It protects you from poison.
 Y - a +0 pair of gloves of dexterity (worn)
Jewellery
 e - a +4 amulet of reflection (around neck)
 G - an uncursed ring of stealth
 H - a ring of see invisible (left hand)
 J - a ring of flight (right hand)
 T - an uncursed ring of fire
 V - an uncursed ring of teleportation
Wands
 a - a wand of iceblast (5)
 u - a wand of paralysis (31)
 v - a wand of flame (38)
 x - a wand of disintegration (10)
 M - a wand of acid (10)
 W - a wand of random effects (70)
Scrolls
 b - a scroll of vulnerability {unknown}
 c - a scroll of holy word {unknown}
 g - 7 scrolls of immolation {unknown}
 j - 9 scrolls of teleportation
 l - 15 scrolls of remove curse
 n - 7 scrolls of fear {unknown}
 o - 3 scrolls of enchant weapon {unknown}
 q - 4 scrolls of amnesia {unknown}
 s - a scroll of magic mapping {unknown}
 t - 7 scrolls of enchant armour {unknown}
 w - 14 scrolls of identify {unknown}
 y - 5 scrolls of noise {unknown}
 A - 3 scrolls of blinking {unknown}
 D - 3 scrolls of random uselessness {unknown}
 O - a scroll of silence {unknown}
 S - 3 scrolls of fog {unknown}
Potions
 h - 5 potions of curing
 i - a potion of haste {unknown}
 k - 9 potions of heal wounds
 m - 3 potions of brilliance {unknown}
 p - 4 potions of degeneration {unknown}
 r - 3 potions of agility {unknown}
 B - a potion of ambrosia {unknown}
 C - a potion of might
 E - 3 potions of lignification {unknown}
 I - a potion of experience {unknown}
 U - a potion of mutation
 X - 2 potions of flight {unknown}
Miscellaneous
 R - a lamp of fire
Comestibles
 f - 33 rations


   Skills:
 + Level 12.8 Fighting
 + Level 14.5 Axes
 + Level 14.8 Armour
 + Level 14.5 Shields
 + Level 4.8 Invocations
 + Level 4.4 Evocations


You had 13 spell levels left.
You didn't know any spells.
Your spell library contained the following spells:

 Spells                   Type           Power        Failure   Level  Hunger
 Animate Skeleton         Necr           N/A          100%        1    ##.....
 Confusing Touch          Hex            #.....       100%        1    ##.....
 Magic Dart               Conj           #...         100%        1    ##.....
 Pain                     Necr           #...         100%        1    ##.....
 Summon Small Mammal      Summ           #...         100%        1    ##.....
 Blink                    Tloc           N/A          100%        2    ###....
 Call Imp                 Summ           #.......     100%        2    ###....
 Slow                     Hex            #.......     100%        2    ###....
 Call Canine Familiar     Summ           #.......     100%        3    ####...
 Confuse                  Hex            #.......     100%        3    ####...
 Conjure Flame            Conj/Fire      #.......     100%        3    ####...
 Gell's Gravitas          Tloc           #.........   100%        3    ####...
 Mephitic Cloud           Conj/Pois/Air  #.......     100%        3    ####...
 Regeneration             Chrm/Necr      #.........   100%        3    ####...
 Summon Guardian Golem    Hex/Summ       #.......     100%        3    ####...
 Vampiric Draining        Necr           #.........   100%        3    ####...
 Animate Dead             Necr           N/A          100%        4    #####..
 Petrify                  Tmut/Erth      #.......     100%        4    #####..
 Summon Ice Beast         Ice/Summ       #.......     100%        4    #####..
 Summon Lightning Spire   Summ/Air       #.......     100%        4    #####..
 Metabolic Englaciation   Hex/Ice        #.........   100%        5    ######.
 Yara's Violent Unravell  Hex/Tmut       #.........   100%        5    ######.


Dungeon Overview and Level Annotations

Branches:
Dungeon (12/15)            Temple (0/1) D:4            Lair (5/6) D:8
 Shoals (0/4) Lair:2       Spider (0/4) Lair:4          Orc (0/2) D:12
  Slime: Lair:5-6

Altars:
Ashenzari
Elyvilon
Fedhas
Makhleb
Okawaru
Qazlal
Ru
Trog
Uskayaw
Xom
Yredelemnul
The Shining One

Shops:
D:5 %


Innate Abilities, Weirdness & Mutations

You reflexively headbutt those who attack you in melee.
You have a pair of horns on your head.


Message History

There is an open door here.
There is a fountain of clear blue water here.
You see here a +0 robe.
The frost giant points at you and mumbles some strange words.
The bolt of cold hits you!
* * * LOW HITPOINT WARNING * * *
There is a fountain of clear blue water here.
The frost giant gestures at you while chanting.
The bolt of cold misses you.
There is an open door here.
You feel like a meek peon again.
You close the door.
You start resting.
The frost giant is too close now for your liking.
The frost giant casts a spell at you. The bolt of cold hits you!!
* * * LOW HITPOINT WARNING * * *
The frost giant gestures at you while chanting.
The bolt of cold hits you!!
You die...

...#.._.#...8..#
##..#.D..##.##.#
...#.⌠.⌠# ##..#
#.##+#####...#
#............##
#.#####.......#
#.# #.......#
#.#####.......#.
#..C...@..<.....
#..####.......# #
#..# #.......##
#.#..# #.........
#.#..####.########
# #...†.....# #
###..###### # #..#
#. #..# .


You could see a frost giant.

Vanquished Creatures
  Gastronok (D:9)
  A storm dragon (D:12)
  A minotaur (Gauntlet)
  Josephine (D:11)
  3 hydras
  A ghost crab (Gauntlet)
  Erica (D:8)
  An ogre mage (D:12)
  5 two-headed ogres
  2 queen ants
  A fire crab (Lair:5)
  An unseen horror (D:12)
  4 oklob plants
  An orb spider (Lair:4)
  An ugly thing (D:12)
  A black mamba (Lair:4)
  Joseph (Lair:1)
  4 elephants (Lair:2)
  5 spiny frogs
  2 centaur skeletons
  3 komodo dragons
  A kobold demonologist (D:11)
  4 rime drakes
  5 hornets
  2 merfolk (Lair:2)
  Prince Ribbit (D:9)
  9 blink frogs
  9 hippogriffs
  2 shadows (D:11)
  4 wraiths (D:11)
  3 basilisks
  30 yaks
  A steam dragon (D:11)
  A human (D:7)
  5 hungry ghosts
  4 hogs (D:7)
  Grum (D:11)
  A warg (D:12)
  26 soldier ants
  12 water moccasins
  Duvessa (D:7)
  3 porcupines
  2 orc warriors
  4 ice beasts
  3 sky beasts
  A black bear (D:11)
  6 ogres
  A boggart (D:12)
  2 necrophages
  16 wolves
  6 centaurs
  A big kobold (D:10)
  8 crocodiles
  17 bullfrogs
  A gnoll sergeant (D:10)
  4 scorpions
  Dowan (D:7)
  4 vampire bats (Lair:3)
  9 killer bees
  4 howler monkeys
  12 wights
  A crimson imp (D:7)
  12 orc priests
  A quasit (D:11)
  2 bullfrog zombies
  A jelly (D:10)
  8 hounds
  2 bullfrog skeletons
  4 iguanas
  Natasha (thrice) (D:2)
  8 orc wizards
  29 worker ants
  Terence (D:2)
  2 killer bee zombies
  A hound skeleton (D:11)
  12 gnolls
  12 adders
  2 shadow imps
  An adder zombie (D:7)
  5 worms
  A dart slug (D:1)
  3 leopard geckos
  34 orcs
  14 bats
  7 giant cockroaches
  13 goblins
  9 hobgoblins
  9 jackals
  5 quokkas
  2 ball pythons
  7 frilled lizards
  2 jackal skeletons
  15 kobolds
  2 leopard gecko skeletons
  A quokka zombie (D:7)
  11 rats
  3 bushes (Lair:4)
  4 fungi
  8 plants
525 creatures vanquished.

Vanquished Creatures (others)
  Urug (Lair:3)
  A jackal (D:8)
  A kobold (D:10)
  A plant (Lair:2)
4 creatures vanquished.

Grand Total: 529 creatures vanquished

Notes
Turn   | Place    | Note
-------+----------+-------------------------------------------
     0 | D:1      | FluffierThanThou the Minotaur Fighter began the quest for
                  | the Orb.
     0 | D:1      | Reached XP level 1. HP: 19/19 MP: 0/0
   106 | D:1      | Reached XP level 2. HP: 27/27 MP: 1/1
   260 | D:1      | Reached XP level 3. HP: 33/33 MP: 2/2
   699 | D:2      | Reached XP level 4. HP: 40/40 MP: 3/3
   938 | D:2      | Noticed Terence
   946 | D:2      | Killed Terence
  1160 | D:2      | Noticed Natasha
  1167 | D:2      | Killed Natasha
  1167 | D:2      | Reached XP level 5. HP: 28/47 MP: 4/4
  1381 | D:2      | Noticed Natasha
  1387 | D:2      | Killed Natasha
  1387 | D:2      | Reached skill level 5 in Armour
  1834 | D:2      | Noticed Natasha
  1839 | D:2      | Killed Natasha
  2513 | D:3      | Found a white marble altar of Elyvilon.
  2740 | D:3      | Found a shattered altar of Ashenzari.
  3071 | D:4      | Found a staircase to the Ecumenical Temple.
  3148 | D:4      | Reached XP level 6. HP: 37/53 MP: 5/5
  3154 | D:4      | Reached skill level 5 in Axes
  3229 | D:4      | Reached skill level 5 in Fighting
  3481 | D:4      | You fall through a shaft!
  3481 | D:5      | Entered Level 5 of the Dungeon
  3523 | D:5      | Reached skill level 5 in Shields
  3556 | D:5      | Reached XP level 7. HP: 56/61 MP: 6/6
  3835 | D:4      | Found a stormy altar of Qazlal.
  3835 | D:4      | Found a basalt altar of Yredelemnul.
  3835 | D:4      | Found an iron altar of Okawaru.
  3835 | D:4      | Found a bloodstained altar of Trog.
  3845 | D:4      | Found a glowing golden altar of the Shining One.
  3847 | D:4      | Became a worshipper of Warmaster Okawaru
  3862 | D:4      | Found a hide-covered altar of Uskayaw.
  4111 | D:5      | Found Worrom's Food Shop.
  4266 | D:6      | Reached * piety under Okawaru
  4352 | D:6      | Found a burning altar of Makhleb.
  4399 | D:6      | Reached XP level 8. HP: 55/70 MP: 7/7
  4775 | D:6      | Got a pair of warped boots
  4781 | D:6      | Identified the +2 pair of boots of Circular Logic {rN++
                  | Regen+ Dex+3 Stlth-} (You found it on level 6 of the
                  | Dungeon)
  5219 | D:7      | Reached ** piety under Okawaru
  5291 | D:7      | Noticed Dowan
  5314 | D:7      | Killed Dowan
  5322 | D:7      | Noticed Duvessa
  5347 | D:7      | Killed Duvessa
  5419 | D:7      | Reached XP level 9. HP: 78/78 MP: 8/8
  5502 | D:7      | Reached *** piety under Okawaru
  5655 | D:7      | Paralysed by a hornet for 1 turns
  5698 | D:7      | Found a sacrificial altar of Ru.
  5850 | D:7      | Reached skill level 10 in Armour
  5985 | D:8      | Reached **** piety under Okawaru
  6007 | D:8      | Found a shimmering altar of Xom.
  6031 | D:8      | Reached skill level 10 in Axes
  6076 | D:8      | Noticed a two-headed ogre
  6169 | D:8      | Noticed a two-headed ogre
  6189 | D:8      | Killed a two-headed ogre
  6189 | D:8      | Reached XP level 10. HP: 40/88 MP: 9/9
  6275 | D:8      | Found a staircase to the Lair.
  6589 | D:8      | Noticed Erica
  6617 | D:8      | Killed Erica
  6617 | D:8      | Reached ***** piety under Okawaru
  6905 | D:8      | Killed a two-headed ogre
  7184 | D:9      | Noticed a two-headed ogre
  7224 | D:9      | Killed a two-headed ogre
  7282 | D:9      | Noticed Prince Ribbit
  7293 | D:9      | Killed Prince Ribbit
  7334 | D:9      | Noticed Gastronok
  7350 | D:9      | Killed Gastronok
  7350 | D:9      | Received a gift from Okawaru
  7350 | D:9      | Reached ****** piety under Okawaru
  7350 | D:9      | Reached XP level 11. HP: 91/97 MP: 10/10
  7433 | D:9      | Reached skill level 10 in Shields
  7512 | D:9      | Noticed a two-headed ogre
  7521 | D:9      | Killed a two-headed ogre
  7521 | D:9      | Received a gift from Okawaru
  7524 | D:9      | Got a pair of steaming boots {god gift}
  7535 | D:9      | Identified the +2 pair of boots of Sloth {*Drain rF++}
                  | (Okawaru gifted it to you on level 9 of the Dungeon)
  7616 | D:10     | Entered Level 10 of the Dungeon
  7733 | D:10     | Reached skill level 10 in Fighting
  8149 | D:11     | Noticed a two-headed ogre
  8170 | D:11     | Killed a two-headed ogre
  8218 | D:11     | Noticed Grum
  8235 | D:11     | Killed Grum
  8333 | D:11     | Reached XP level 12. HP: 84/107 MP: 11/11
  8505 | D:11     | Noticed Josephine
  8537 | D:11     | Killed Josephine
  9247 | Lair:1   | Entered Level 1 of the Lair of Beasts
  9358 | Lair:1   | Received a gift from Okawaru
  9361 | Lair:1   | Got a pair of spiked boots {god gift}
  9367 | Lair:1   | Identified the -3 pair of boots "Feroiqun" {rElec rPois}
                  | (Okawaru gifted it to you on level 1 of the Lair of Beasts)
  9438 | Lair:1   | Noticed an eight-headed hydra
  9469 | Lair:1   | Killed an eight-headed hydra
  9686 | Lair:1   | Noticed Joseph
  9693 | Lair:1   | Killed Joseph
 10176 | Lair:2   | Found a gate leading to a gauntlet.
 10470 | Gauntlet | Entered a Gauntlet
 10470 | Gauntlet | Found a transporter.
 10470 | Gauntlet | Found a runed translucent door.
 10470 | Gauntlet | Found a transporter.
 10470 | Gauntlet | Found a transporter.
 10470 | Gauntlet | Found a runed translucent door.
 10491 | Gauntlet | Found a transporter.
 10501 | Gauntlet | Found a transporter.
 10502 | Gauntlet | Noticed a queen ant
 10504 | Gauntlet | Found a transporter.
 10515 | Gauntlet | Noticed a ghost crab
 10520 | Gauntlet | Found a transporter.
 10533 | Gauntlet | Found a transporter.
 10547 | Gauntlet | Found a transporter.
 10550 | Gauntlet | Found a transporter.
 10564 | Gauntlet | Found a transporter.
 10567 | Gauntlet | Found a transporter.
 10654 | Gauntlet | Killed a queen ant
 10760 | Gauntlet | Reached skill level 1 in Invocations
 10766 | Gauntlet | Reached skill level 1 in Evocations
 10819 | Gauntlet | Killed a ghost crab
 10819 | Gauntlet | Reached XP level 13. HP: 115/117 MP: 9/12
 10894 | Gauntlet | Noticed a minotaur
 10901 | Gauntlet | Killed a minotaur
 10901 | Gauntlet | Received a gift from Okawaru
 10930 | Gauntlet | Identified a +0 pair of boots of running (You found it in a
                  | Gauntlet)
 11236 | Lair:2   | Found a staircase to the Shoals.
 11645 | Lair:3   | Noticed Urug
 11655 | Lair:3   | Killed Urug
 13054 | Lair:4   | Got a transparent plate armour
 13066 | Lair:4   | Identified the +10 plate armour of Poskinn {Dex+4} (You
                  | found it on level 4 of the Lair of Beasts)
 13398 | Lair:4   | Got an encrusted spear
 13399 | Lair:4   | Identified the +8 spear of Hastraudd {freeze, Int+4} (You
                  | found it on level 4 of the Lair of Beasts)
 13573 | Lair:4   | Found a hole to the Spider Nest.
 13760 | Lair:4   | Found a blossoming altar of Fedhas.
 13787 | Lair:4   | Received a gift from Okawaru
 13816 | Lair:4   | You fall through a shaft!
 14759 | D:12     | Found a staircase to the Orcish Mines.
 14868 | D:12     | Reached XP level 14. HP: 112/127 MP: 16/16
 14935 | D:12     | Found a glowing golden altar of the Shining One.
 14935 | D:12     | Found a basalt altar of Yredelemnul.
 14935 | D:12     | Noticed a frost giant
 14939 | D:12     | Noticed a storm dragon
 14985 | D:12     | Killed a storm dragon
 15016 | D:12     | HP: 1/127 [frost giant/bolt of cold (32)]
 15017 | D:12     | Killed from afar by a frost giant

Skill      XL: |  1  2  3  4  5  6  7  8  9 10 11 12 13 |
---------------+----------------------------------------+-----
Armour         | 4 5 6 7 8 10 12 13 14 | 14.8
Axes           | 3 4 5 6 8 10 12 13 14 | 14.5
Fighting       | 4 5 6 8 9 10 11 12 | 12.8
Shields        | 4 5 6 8 9 11 13 14 | 14.5
Invocations    | 1 4 |  4.8
Evocations     | 1 4 |  4.4

Action                   |  1- 3 |  4- 6 |  7- 9 | 10-12 | 13-15 || total
-------------------------+-------+-------+-------+-------+-------++-------
Melee: War axe           |    86 |   150 |    81 |       |       ||   317
       Headbutt          |    13 |    22 |    62 |   120 |   108 ||   325
       Dagger            |       |       |    16 |       |       ||    16
       Hand axe          |       |       |   236 |   150 |       ||   386
       Broad axe         |       |       |       |   358 |   365 ||   723
       Mace              |       |       |       |    12 |    12 ||    24
Invok: Heroism           |       |       |       |     3 |     4 ||     7
  Use: Potion            |       |     1 |       |     4 |     1 ||     6
       Scroll            |       |       |     2 |       |     1 ||     3
  Eat: Chunk             |       |     5 |     9 |    16 |     5 ||    35
       Ration            |       |     1 |     1 |       |     3 ||     5
Armor: Scale mail        |    29 |     8 |       |       |       ||    37
       Chain mail        |       |    90 |   134 |   152 |    88 ||   464
       Plate armour      |       |       |       |       |    71 ||    71
Dodge: Dodged            |    25 |    30 |    57 |    72 |    66 ||   250
Block: Shield            |    67 |   146 |   229 |    51 |       ||   493
       Reflection        |     1 |     3 |     8 |    10 |     9 ||    31
       Large shield      |       |       |       |   476 |   430 ||   906
